 Dungeon Crawl Stone Soup version 0.31-a0-182-gc5ef74bbde (webtiles) character file.

Game seed: 4116490245050498377

425 qw the Chopper (level 6, -14/40 HPs)
             Began as a Gargoyle Fighter on June 20, 2023.
             Demolished by an ogre
             ... wielding a +0 giant club
              (30 damage)
             ... on level 4 of the Dungeon.
             The game lasted 00:01:34 (3274 turns).

qw the Chopper (Gargoyle Fighter)                   Turns: 3274, Time: 00:01:35

Health: -14/40     AC: 13    Str: 21    XL:     6   Next: 96%
Magic:  6/6        EV:  9    Int:  9    God:
Gold:   177        SH:  4    Dex:  9    Spells: 5/5 levels left

rFire   . . .        Y - +0 broad axe
rCold   . . .        c - +0 buckler
rNeg    + . .        b - +0 scale mail
rPois   inf          (no helmet)
rElec   +            (no cloak)
rCorr   .            (no gloves)
SInv    +            a - +1 pair of boots
Will    .....        (no amulet) Stlth
                     g - ring of see invisible
HPRegen 0.26/turn    (no ring)
MPRegen 0.10/turn

%: no passive effects
@: no status effects
A: sickness immunity, AC +4, negative energy resistance 1, electricity
resistance, torment resistance 1, petrification resistance
a: no special abilities


You were on level 4 of the Dungeon.
You visited 1 branch of the dungeon, and saw 4 of its levels.

You collected 177 gold pieces.


Innate Abilities, Weirdness & Mutations

You are immune to sickness and miasma.
Your stone body is resilient. (AC +4)
You are immune to poison.
You resist negative energy. (rN+)
You are resistant to electric shocks. (rElec)
You are resistant to unholy torment.
You are immune to petrification.


   Skills:
 - Level 5.2 Fighting
 + Level 5.3 Axes
 - Level 3.2 Armour
 - Level 1.3 Dodging
 - Level 3.2 Shields


You had 5 spell levels left.
You didn't know any spells.
Your spell library was empty.

Inventory:

Hand Weapons
 q - a +0 flail
 Y - a +0 broad axe (weapon)
Armour
 a - a +1 pair of boots (worn)
 b - a +0 scale mail (worn)
 c - a +0 buckler (worn)
Jewellery
 g - a ring of see invisible (left hand)
Scrolls
 e - a scroll of identify
 i - a scroll of vulnerability {unknown}
 k - 2 scrolls of teleportation
 l - 2 scrolls of enchant weapon {unknown}
Potions
 d - a potion of might
 f - a potion of magic
 h - a potion of heal wounds
 j - a potion of enlightenment
 m - a potion of resistance
 n - a potion of haste {unknown}

Dungeon Overview and Level Annotations

Branches:
Dungeon (4/15)
 Temple: D:4-7

Altars:
Vehumet

Annotations:
D:3 exclusion: 3 iron imps


Message History

Enter note:
Enter note:
Enter note:
Enter note:
Enter note:
Enter note:
Enter note:
Enter note:
Enter note:
Enter note:
Enter note:
Enter note:
Enter note:
Enter note:
Enter note:
Enter note:
Enter note:
Enter note: An ogre comes into view. It is wielding a +0 giant club.
You closely miss the orc.
The ogre shouts!
The orc hits you but does no damage.
You slash the orc!
You kill the orc!
You hit the ogre but do no damage. The ogre hits you with a +0 giant club.
You hit the ogre.
The ogre is lightly wounded.
The ogre barely misses you.
You barely miss the ogre.
The ogre is lightly wounded.
The ogre closely misses you.
You completely miss the ogre.
The ogre hits you with a +0 giant club!!
Ouch! That really hurt!
You slash the ogre!
The ogre is heavily wounded.
The ogre hits you with a +0 giant club!!
Ouch! That really hurt!
You die...

##...'............#..
#####.....########..
#.. #.....#......... ##
#..########.........
...
#..#................
..#..#...%............
. '..#...####.....####
....##)#...# ##...## #
.......@...# ##.## #
####...O##.## #.# #
#....#...## +#.#+ #.
#....#....###...###..
.'....#........8......
###....##...###)..###..
..#####..##.'#.#+ ##.
...#.....##...#.#
#.....#...##.## #


You could see an ogre.

Vanquished Creatures
  Menkaure (D:4)
  A phantom (D:4)
  A howler monkey (D:4)
  A sleepcap (D:4)
  An iguana (D:4)
  A gnoll (D:1)
  4 adders
  An ufetubus (D:4)
  5 worms (D:4)
  A dart slug (D:3)
  4 orcs (D:4)
  6 endoplasms
  3 giant cockroaches
  8 goblins
  6 hobgoblins
  5 kobolds
  5 quokkas
  8 ball pythons
  6 bats
  2 frilled lizards
  4 rats
74 creatures vanquished.

Notes
Turn   | Place    | Note
-------+----------+-------------------------------------------
     0 | D:1      | qw the Gargoyle Fighter began the quest for the Orb.
     0 | D:1      | Reached XP level 1. HP: 14/14 MP: 1/1
     0 | D:1      | 0 ||| qw: Version: 0.3-a-9-g12657ce
     0 | D:1      | 0 ||| qw: Game counter: 1438
     0 | D:1      | 0 ||| qw: Always use a shield: true
     0 | D:1      | 0 ||| qw: God list: Okawaru
     0 | D:1      | 0 ||| qw: Allow faded altars: false
     0 | D:1      | 0 ||| qw: Do Orc after D:15 true
     0 | D:1      | 0 ||| qw: Do second Lair branch before Depths: true
     0 | D:1      | 0 ||| qw: Lair rune preference: random
     0 | D:1      | 0 ||| qw: Plans: Normal, Zot:1-4, Slime:5, God:TSO, Crypt,
                  | Tomb, Abyss, Pan, Hells, Win
     0 | D:1      | 0 ||| PLANNING D:1-11
   136 | D:1      | Reached XP level 2. HP: 19/19 MP: 2/2
   479 | D:1      | Reached skill level 3 in Axes
   479 | D:1      | Reached XP level 3. HP: 13/23 MP: 3/3
   786 | D:1      | 786 ||| UPGRADING to +0 pair of boots.
   791 | D:1      | 791 ||| UPGRADING to ring of see invisible.
   792 | D:1      | 792 ||| READING scroll labelled OMAPSA UL DOAD.
   793 | D:1      | 793 ||| READING scroll labelled BEN JIAWKI.
   797 | D:1      | 797 ||| READING scroll labelled AREAFU LONA.
  1113 | D:2      | 1113 ||| Stepping ~*~*~tactically~*~*~ (stealth).
  1114 | D:2      | 1114 ||| Stepping ~*~*~tactically~*~*~ (stealth).
  1132 | D:2      | 1132 ||| Stepping ~*~*~tactically~*~*~ (hiding).
  1241 | D:2      | 1241 ||| DROPPING +0 club.
  1355 | D:2      | Reached XP level 4. HP: 28/28 MP: 4/4
  1563 | D:2      | Found a faded altar of an unknown god.
  1699 | D:2      | 1699 ||| DROPPING +0 whip.
  1709 | D:2      | 1709 ||| SWAPPING to +0 broad axe.
  1710 | D:2      | 1710 ||| DROPPING +0 war axe.
  1711 | D:2      | 1711 ||| UPGRADING to +1 pair of boots.
  1721 | D:2      | 1721 ||| DROPPING +0 pair of boots.
  1722 | D:2      | 1722 ||| READING 2 scrolls of identify.
  1722 | D:2      | 1722 ||| IDENTIFYING gluggy clear potion
  1897 | D:3      | 1897 ||| Stepping ~*~*~tactically~*~*~ (stealth).
  1898 | D:3      | 1898 ||| Stepping ~*~*~tactically~*~*~ (stealth).
  1906 | D:3      | 1906 ||| Stepping ~*~*~tactically~*~*~ (hiding).
  2113 | D:3      | 2113 ||| Stepping ~*~*~tactically~*~*~ (stealth).
  2114 | D:3      | 2114 ||| DROPPING +0 mace.
  2334 | D:3      | 2334 ||| READING scroll labelled EHIQUX PAST.
  2363 | D:3      | 2363 ||| READING 5 scrolls of identify.
  2363 | D:3      | 2363 ||| IDENTIFYING puce potion
  2364 | D:3      | 2364 ||| READING 4 scrolls of identify.
  2364 | D:3      | 2364 ||| IDENTIFYING brown potion
  2365 | D:3      | 2365 ||| READING 3 scrolls of identify.
  2365 | D:3      | 2365 ||| IDENTIFYING murky purple potion
  2366 | D:3      | 2366 ||| READING 2 scrolls of identify.
  2366 | D:3      | 2366 ||| IDENTIFYING coppery potion
  2367 | D:3      | 2367 ||| DROPPING potion of brilliance.
  2434 | D:4      | Noticed a phantom
  2450 | D:4      | Killed a phantom
  2451 | D:4      | Reached XP level 5. HP: 30/32 MP: 5/5
  2522 | D:4      | Found a radiant altar of Vehumet.
  2535 | D:4      | 2535 ||| Stepping ~*~*~tactically~*~*~ (stealth).
  2552 | D:4      | 2552 ||| Stepping ~*~*~tactically~*~*~ (stealth).
  2553 | D:4      | 2553 ||| Stepping ~*~*~tactically~*~*~ (stealth).
  2646 | D:4      | 2646 ||| Stepping ~*~*~tactically~*~*~ (stealth).
  2785 | D:4      | Noticed Menkaure
  2786 | D:4      | 2786 ||| Stepping ~*~*~tactically~*~*~ (hiding).
  2787 | D:4      | 2787 ||| Stepping ~*~*~tactically~*~*~ (hiding).
  2788 | D:4      | 2788 ||| Stepping ~*~*~tactically~*~*~ (hiding).
  2789 | D:4      | 2789 ||| Stepping ~*~*~tactically~*~*~ (hiding).
  2794 | D:4      | Killed Menkaure
  2795 | D:4      | Reached XP level 6. HP: 16/40 MP: 6/6
  3045 | D:4      | Reached skill level 1 in Dodging
  3274 | D:4      | Demolished by an ogre

Levels and vault maps discovered:
D:1:      saegor_arrival_fortress, layout_basic
D:2:      layout_basic, ebering_ecumenical_altar_abandoned
D:3:      layout_basic, demons_altar, grunt_decor_mini_mirrors
D:4:      cheibrodos_barr_body, layout_gridville, nicolae_vehumet_altar_sigil,
          nicolae_wormholes, uniq_menkaure

Skill      XL: |  1  2  3  4  5  6 |
---------------+-------------------+-----
Axes           | 2 3 5 |  5.3
Fighting       | 5 |  5.2
Dodging        | 1 |  1.3
Armour         | |  3.2
Shields        | |  3.2

Action                     |  1- 3 |  4- 6 || total
---------------------------+-------+-------++-------
  Melee: War axe           |    93 |    12 ||   105
         Broad axe         |       |   127 ||   127
    Use: Scroll            |     3 |     6 ||     9
 Armour: Scale mail        |    41 |    70 ||   111
  Dodge: Dodged            |    37 |    72 ||   109
  Block: Buckler           |    15 |    30 ||    45

Table legend:
 A = Non-vault XP
 B = Vault XP
 C = Vault XP percentage of total XP
 D = Non-vault monster count
 E = Vault monster count
 F = Vault count percentage of total count
                 A         B        C        D         E       F
            +---------+---------+-------+---------+---------+-------
      Total |     348 |     260 |  42.8 |      65 |       9 |  12.2
            +---------+---------+-------+---------+---------+-------
        D:1 |      41 |       0 |   0.0 |      16 |       0 |   0.0
        D:2 |      55 |       0 |   0.0 |      20 |       0 |   0.0
        D:3 |      31 |       0 |   0.0 |      11 |       0 |   0.0
        D:4 |     221 |     260 |  54.1 |      18 |       9 |  33.3
            +---------+---------+-------+---------+---------+-------
